 Dungeon Crawl Stone Soup version 0.31-a0-210-gccc998df9b (webtiles) character file.

Game seed: 5601649724355256360

67 qw the Shooter (level 4, -1/26 HPs)
             Began as a Gargoyle Hexslinger on June 29, 2023.
             Slain by a bullfrog (6 damage)
             ... on level 3 of the Dungeon.
             The game lasted 00:00:31 (1800 turns).

qw the Shooter (Gargoyle Hexslinger)                Turns: 1800, Time: 00:00:32

Health: -1/26      AC:  8    Str: 12    XL:     4   Next: 18%
Magic:  5/5        EV: 10    Int: 13    God:
Gold:   77         SH:  0    Dex: 14    Spells: 4/5 levels left

rFire   . . .        Y - +1 sling
rCold   . . .        (no shield)
rNeg    + . .        e - +0 ring mail
rPois   inf          (no helmet)
rElec   +            (no cloak)
rCorr   .            (no gloves)
SInv    .            (no boots)
Will    .....        j - amulet of regeneration
Stlth   +            (no ring)
HPRegen 1.04/turn    (no ring)
MPRegen 0.09/turn

%: no passive effects
@: no status effects
A: sickness immunity, AC +3, negative energy resistance 1, electricity
resistance, torment resistance 1, petrification resistance
a: no special abilities


You were on level 3 of the Dungeon.
You visited 1 branch of the dungeon, and saw 3 of its levels.

You collected 77 gold pieces.


Innate Abilities, Weirdness & Mutations

You are immune to sickness and miasma.
Your stone body is resilient. (AC +3)
You are immune to poison.
You resist negative energy. (rN+)
You are resistant to electric shocks. (rElec)
You are resistant to unholy torment.
You are immune to petrification.


   Skills:
 - Level 2.0 Fighting
 - Level 4.0 Ranged Weapons
 + Level 0.1 Armour
 - Level 1.5 Dodging
 - Level 1.0 Spellcasting
 - Level 2.6 Hexes


You had 4 spell levels left.
You knew the following spells:

 Your Spells              Type           Power      Damage    Failure   Level
a - Slow                  Hex            28%        N/A       22%         1

Your spell library contained the following spells:

 Spells                   Type           Power      Damage    Failure   Level
 Inner Flame              Hex/Fire       4%         N/A       73%         3
 Portal Projectile        Hex/Tloc       8%         N/A       73%         3
 Cause Fear               Hex            3%         N/A       91%         4

Inventory:

Hand Weapons
 Y - a +1 sling (weapon)
Armour
 e - a +0 ring mail (worn)
Jewellery
 j - an amulet of regeneration (around neck)
Scrolls
 a - a scroll of enchant armour
 b - a scroll of identify
Potions
 h - a potion of enlightenment
 i - a potion of experience {unknown}
 k - a potion of berserk rage {unknown}
 l - a potion of degeneration {unknown}
 m - a potion of brilliance {unknown}
 n - a potion of mutation {unknown}

Dungeon Overview and Level Annotations

Branches:
Dungeon (3/15)

Altars:
Wu Jian

Shops:
D:2 =


Message History

Where to? (* - list waypoints, Enter - D:2, ? - help)
What level of the Dungeon? (default 1, ? - help)
There is a stone staircase leading down here.
You climb downwards.
Found 6 gold pieces.
There is a stone staircase leading up here.
Waypoint 2 assigned to D:3.
Found a stone staircase leading down.
You now have 77 gold pieces (gained 6).
A bullfrog comes into view.
Found a glowing orange potion.
The bullfrog croaks.
You shoot a sling bullet.
The sling bullet closely misses the bullfrog.
You shoot a sling bullet.
The sling bullet barely misses the bullfrog.
The bullfrog barely misses you. The bullfrog hits you!
You shoot a sling bullet.
The sling bullet barely misses the bullfrog.
The bullfrog barely misses you. The bullfrog hits you.
You shoot a sling bullet.
The sling bullet barely misses the bullfrog.
The bullfrog hits you. x2
You shoot a sling bullet.
The sling bullet barely misses the bullfrog.
The bullfrog hits you. x2
You shoot a sling bullet. The sling bullet hits the bullfrog.
The bullfrog is lightly wounded.
The bullfrog hits you. x2
You shoot a sling bullet. The sling bullet hits the bullfrog.
The bullfrog is moderately wounded.
The bullfrog hits you.
The bullfrog hits you but does no damage.
You shoot a sling bullet. The sling bullet hits the bullfrog!
The bullfrog is severely wounded.
The bullfrog barely misses you. x2
You shoot a sling bullet. The sling bullet hits the bullfrog.
The bullfrog is almost dead.
The bullfrog hits you.
You die...

...#.#
#######.##.#
#...<......###
#.#...........
#.......#..
#.....#.#
#.....# #
#.###.# #.
#@F#
#...>..!....
#######.#.##
.# . .. .#


You could see a bullfrog.

Vanquished Creatures
  A gnoll (D:1)
  2 adders (D:2)
  2 dart slugs
  7 endoplasms
  2 giant cockroaches
  2 goblins (D:2)
  6 jackals (D:2)
  A quokka (D:1)
  2 ball pythons (D:2)
  4 bats
  2 frilled lizards
  A kobold (D:1)
  2 rats
34 creatures vanquished.

Notes
Turn   | Place    | Note
-------+----------+-------------------------------------------
     0 | D:1      | qw the Gargoyle Hexslinger began the quest for the Orb.
     0 | D:1      | Reached XP level 1. HP: 12/12 MP: 2/2
     0 | D:1      | 0 ||| qw: Version: 0.3-a-24-ga2abf7b
     0 | D:1      | 0 ||| qw: Game counter: 6816
     0 | D:1      | 0 ||| qw: Melee chars always use a shield: true
     0 | D:1      | 0 ||| qw: God list: Okawaru
     0 | D:1      | 0 ||| qw: Allow faded altars: false
     0 | D:1      | 0 ||| qw: Do Orc after clearing Dungeon:15 true
     0 | D:1      | 0 ||| qw: Do second Lair branch before Depths: true
     0 | D:1      | 0 ||| qw: Lair rune preference: random
     0 | D:1      | 0 ||| qw: Goals: Normal
     0 | D:1      | 0 ||| PLANNING D:1-11
   177 | D:1      | Reached XP level 2. HP: 16/16 MP: 3/3
   245 | D:1      | Reached skill level 3 in Ranged Weapons
   525 | D:1      | Reached XP level 3. HP: 20/20 MP: 4/4
   940 | D:1      | 940 ||| UPGRADING to +0 ring mail.
   950 | D:1      | 950 ||| DROPPING +0 robe.
   951 | D:1      | 951 ||| UPGRADING to amulet of regeneration.
   956 | D:1      | 956 ||| READING 2 scrolls labelled UPLUMOQ KYARGHAD.
   957 | D:1      | 957 ||| READING scroll labelled JUSUYFUMUO.
   958 | D:1      | 958 ||| READING scroll labelled RIDAFIJUDD.
   959 | D:1      | 959 ||| DRINKING 2 metallic puce potions.
   960 | D:1      | 960 ||| DROPPING scroll of poison.
  1208 | D:2      | Found an ornate altar of the Wu Jian Council.
  1364 | D:2      | Reached XP level 4. HP: 24/26 MP: 5/5
  1496 | D:2      | Found Bailuosch's Jewellery Boutique.
  1505 | D:2      | 1505 ||| SHOPLISTING amulet of reflection (360 gold, have
                  | 62).
  1505 | D:2      | 1505 ||| SHOPLISTING ring "Jinobat" {rElec rC+} (468 gold,
                  | have 62).
  1505 | D:2      | 1505 ||| SHOPLISTING ring of protection from cold (300
                  | gold, have 62).
  1505 | D:2      | 1505 ||| SHOPLISTING ring of see invisible (180 gold, have
                  | 62).
  1578 | D:2      | Reached skill level 4 in Ranged Weapons
  1791 | D:3      | Noticed a bullfrog
  1797 | D:3      | HP: 6/26 [bullfrog (4)]
  1800 | D:3      | Slain by a bullfrog

Levels and vault maps discovered:
D:1:      dpeg_arrival_simpleton_c, layout_basic
D:2:      layout_basic, basic_altar, serial_shops, shop
D:3:      layout_basic, reono_crystal_passage, serial_bayou_pond_d,
          kennysheep_path_1

Skill      XL: |  1  2  3  4 |
---------------+-------------+-----
Ranged Weapons | 3 4 |  4.0
Fighting       | 2 |  2.0
Armour         | |  0.1
Dodging        | |  1.5
Spellcasting   | |  1.0
Hexes          | |  2.6

Action                     |  1- 3 |  4- 6 || total
---------------------------+-------+-------++-------
   Fire: Sling             |    91 |    26 ||   117
    Use: Scroll            |     3 |       ||     3
         Potion            |     1 |       ||     1
 Armour: Robe              |     3 |       ||     3
         Ring mail         |    32 |     8 ||    40
  Dodge: Dodged            |    41 |    10 ||    51

Table legend:
 A = Non-vault XP
 B = Vault XP
 C = Vault XP percentage of total XP
 D = Non-vault monster count
 E = Vault monster count
 F = Vault count percentage of total count
                 A         B        C        D         E       F
            +---------+---------+-------+---------+---------+-------
      Total |      97 |       0 |   0.0 |      34 |       0 |   0.0
            +---------+---------+-------+---------+---------+-------
        D:1 |      34 |       0 |   0.0 |      12 |       0 |   0.0
        D:2 |      63 |       0 |   0.0 |      22 |       0 |   0.0
            +---------+---------+-------+---------+---------+-------
